 Dungeon Crawl Stone Soup version 0.26.1-11-gd32895ea62 (webtiles) character file.

Game seed: 2188801344155200472

105 vvl the Grave Robber (level 4, -3/36 HPs)
             Began as a Hill Orc Necromancer on July 6, 2021.
             Killed from afar by Natasha (7 damage)
             ... with a magic dart
             ... on level 2 of the Dungeon.
             The game lasted 00:06:16 (2282 turns).

vvl the Grave Robber (Hill Orc Necromancer)         Turns: 2282, Time: 00:06:18

Health: -3/36      AC:  8    Str: 11    XL:     4   Next: 81%
Magic:  3/7        EV:  9    Int: 15    God:
Gold:   65         SH:  3    Dex: 11    Spells: 6/7 levels left

rFire    . . .     SeeInvis .   f - +0 mace
rCold    . . .     Faith    .   o - +0 buckler
rNeg     . . .     Spirit   .   c - +0 ring mail
rPois    .         Reflect  .   n - +1 helmet
rElec    .         Harm     .   d - +0 cloak
rCorr    .         Rampage  .   (no gloves)
Will     .....                  (no boots)
Stlth    +.........             (no amulet)
HPRegen  0.12/turn              (no ring)
MPRegen  0.10/turn              (no ring)

@: slowed, very slow
A: no striking features
a: no special abilities


You were on level 2 of the Dungeon.
You visited 1 branch of the dungeon, and saw 2 of its levels.

You collected 65 gold pieces.

Inventory:

Hand Weapons
 f - a +0 mace (weapon)
Armour
 c - a +0 ring mail (worn)
 d - a +0 cloak (worn)
 m - a +0 plate armour
 n - a +1 helmet (worn)
 o - a +0 buckler (worn)
Jewellery
 p - an uncursed ring of ice {unknown}
Scrolls
 a - 2 scrolls of enchant weapon {unknown}
 b - 2 scrolls of identify {unknown}
 e - a scroll of amnesia {unknown}
 g - a scroll of immolation {unknown}
 h - 2 scrolls of teleportation {unknown}
 i - a scroll of noise {unknown}
 j - a scroll of random uselessness {unknown}
Potions
 k - a potion of berserk rage {unknown}
 l - 2 potions of might {unknown}


   Skills:
 + Level 1.7 Fighting
 * Level 3.0 Axes
 + Level 0.2 Armour
 + Level 1.7 Dodging
 - Level 1.5 Stealth
 + Level 0.2 Shields
 - Level 2.0 Spellcasting
 * Level 4.7 Necromancy


You had 6 spell levels left.
You knew the following spells:

 Your Spells              Type           Power        Failure   Level
a - Pain                  Necr           60%          13%         1

Your spell library contained the following spells:

 Spells                   Type           Power        Failure   Level
 Animate Skeleton         Necr           30%          13%         1
 Vampiric Draining        Necr           7%           36%         3
 Animate Dead             Necr           7%           77%         4
 Agony                    Necr           15%          98%         5


Dungeon Overview and Level Annotations

Branches:
Dungeon (2/15)

Altars:
Elyvilon
Yredelemnul

Annotations:
D:2 Natasha


Message History

Natasha claws you but does no damage.
Your magical contamination has completely faded away.
You closely miss Natasha.
Natasha is severely wounded.
Natasha claws you. Natasha claws you but does no damage.
Unknown command.
You closely miss Natasha.
Natasha is severely wounded.
Natasha misses you. Natasha claws you!
* * * LOW HITPOINT WARNING * * *
Casting: Pain (safe; 13% risk of failure)
Confirm with . or Enter, or press ? or * to list all spells.
Aiming: Pain (safe; 13% risk of failure)
Press: ? - help, Shift-Dir - straight line, f/p - Natasha
Aim: Natasha (severely wounded, chance to affect: 73%) Natasha writhes in agony.
Natasha mumbles some strange words.
Natasha stares at you and mumbles some strange words.
The magic dart hits you!
You die...

..... #.. ####.......
#.. #..........
.#.###.. ...........
........
############†...##..
.#..##..
#<..........†.......
........
###..#.#.#.#.#.#.#.#..
.##.###.
#.......#...5....... #
#. #....#.#.#..@#.#.#.
.. #.
###........#.h......
#. #.
####.#.#.#...#.#.. #.
#. #.............#
#.##. ###.#...##..#.#
#..#. #...........#
#.#.
###.#.#.#.#.#######...
#......#...........†
###.#.#.#..........>


You could see Natasha and a crimson imp (summoned).

Vanquished Creatures
  A quasit (D:2)
  Natasha (D:2)
  An adder (D:2)
  A worm (D:2)
  2 dart slugs (D:1)
  A leopard gecko (D:1)
  A giant cockroach (D:1)
  2 goblins (D:1)
  5 jackals
  A ball python (D:1)
  4 bats
  4 frilled lizards
  4 kobolds
  8 rats
  A spectral orc (D:2)
37 creatures vanquished.

Vanquished Creatures (others)
  3 plants (D:2)
3 creatures vanquished.

Grand Total: 40 creatures vanquished

Notes
Turn   | Place    | Note
-------+----------+-------------------------------------------
     0 | D:1      | vvl the Hill Orc Necromancer began the quest for the Orb.
     0 | D:1      | Reached XP level 1. HP: 14/14 MP: 3/3
   427 | D:1      | Reached skill level 1 in Axes
   427 | D:1      | Reached XP level 2. HP: 20/22 MP: 1/4
   996 | D:1      | Reached skill level 1 in Fighting
  1192 | D:1      | Reached XP level 3. HP: 26/28 MP: 2/5
  1553 | D:2      | Found a basalt altar of Yredelemnul.
  1598 | D:2      | Found a faded altar of an unknown god.
  1780 | D:2      | Found a white marble altar of Elyvilon.
  1805 | D:2      | Reached XP level 4. HP: 22/35 MP: 6/6
  2258 | D:2      | Noticed Natasha
  2266 | D:2      | Killed Natasha
  2272 | D:2      | Noticed Natasha
  2282 | D:2      | Killed from afar by Natasha

Illustrated notes

Levels and vault maps discovered:
D:1:      shiori_angband_town, layout_rooms, serial_rivers,
          chequers_serial_rivers_micro_b, chequers_serial_rivers_large_b,
          chequers_serial_rivers_micro_e, chequers_serial_rivers_micro_e
D:2:      layout_basic, yredelemnul_forgotten_temple_becter,
          nicolae_overflow_crystal_walls, chequers_ecumenical_altar_island,
          hangedman_decor_riveting, serial_bayou_ford_a, uniq_natasha

Skill      XL: |  1  2  3  4 |
---------------+-------------+-----
Axes           | 1 2 3 |  3.0
Fighting       | 1 |  1.7
Spellcasting   | 2 |  2.0
Armour         | |  0.2
Dodging        | |  1.7
Stealth        | |  1.5
Shields        | |  0.2
Necromancy     | |  4.7

Action                   |  1- 3 |  4- 6 || total
-------------------------+-------+-------++-------
Melee: Unarmed           |     6 |       ||     6
       Mace              |    45 |    12 ||    57
 Cast: Pain              |    37 |    15 ||    52
Armor: Robe              |    10 |       ||    10
       Ring mail         |    52 |    17 ||    69
Dodge: Dodged            |    66 |     8 ||    74
Block: Buckler           |    10 |     3 ||    13
